 Dungeon Crawl Stone Soup version 0.30.1-11-g7821555f0a (webtiles) character file.

Game seed: 15620343905510316794

13854 Dillybarz the Cleaver (level 11, 0/101 HPs)
             Began as a Minotaur Fighter on Oct 31, 2023.
             Was a High Priest of Okawaru.
             Killed from afar by a red draconian (2 damage)
             ... with a searing blast
             ... in a volcano on Nov 7, 2023.
             The game lasted 00:30:29 (8182 turns).

Dillybarz the Cleaver (Minotaur Fighter)            Turns: 8182, Time: 00:30:30

Health: 0/101      AC: 29    Str: 28    XL:     11   Next: 81%
Magic:  11/13      EV: 15    Int:  5    God:    Okawaru [*****.]
Gold:   668        SH: 12    Dex: 10    Spells: 10/10 levels left

rFire   + . .        a - +1 war axe
rCold   . . .        D - +0 kite shield
rNeg    . . .        z - +2 chain mail {rF+}
rPois   .            r - +2 hat
rElec   .            C - +1 cloak "Virost" {Str+3}
rCorr   .            s - +1 pair of gloves
SInv    .            f - +1 pair of boots
Will    .....        q - amulet of the acrobat Stlth
                     b - +4 ring of protection
HPRegen 0.36/turn    e - +5 ring of evasion
MPRegen 0.13/turn

%: acrobat
@: heroic
A: horns 2, retaliatory headbutt
a: Renounce Religion, Heroism, Finesse, Duel


You were in a volcano.
You worshipped Okawaru.
Okawaru was extremely pleased with you.
You visited 2 branches of the dungeon, and saw 11 of its levels.
You also visited: Volcano.

You collected 668 gold pieces.

Inventory:

Hand Weapons
 a - a +1 war axe (weapon)
Missiles
 j - 129 stones
 n - a curare-tipped dart
 o - 33 poisoned darts (quivered)
 t - a throwing net
 E - a boomerang
Armour
 f - a +1 pair of boots (worn)
 l - a +0 cloak
 r - a +2 hat (worn)
 s - a +1 pair of gloves (worn)
 z - a +2 chain mail of fire resistance (worn)
 C - the +1 cloak "Virost" (worn) {Str+3}
   (Okawaru gifted it to you in a volcano)

   Str:       It affects your strength (+3).
 D - a +0 kite shield (worn)
Jewellery
 b - a +4 ring of protection (left hand)
 e - a +5 ring of evasion (right hand)
 q - an amulet of the acrobat (around neck)
Wands
 u - a wand of flame (22)
 v - a wand of roots (21)
 x - a wand of light (10)
 F - a wand of mindburst (9)
 I - a wand of polymorph (1)
Scrolls
 y - a scroll of identify
 B - a scroll of teleportation
 H - a scroll of magic mapping
Potions
 c - a potion of invisibility
 d - 4 potions of might
 g - 2 potions of heal wounds
 h - 4 potions of mutation
 i - 2 potions of lignification
 k - 3 potions of curing
 m - 3 potions of attraction
 p - 2 potions of flight
 w - 4 potions of haste
 A - a potion of ambrosia


   Skills:
 + Level 10.5(15.5) Fighting
 * Level 14.0(19.0) Axes
 + Level 2.1(7.1) Throwing
 + Level 10.5(15.5) Armour
 + Level 10.5(15.5) Shields
 - Level 5.0 Invocations


You had 10 spell levels left.
You didn't know any spells.
Your spell library contained the following spells:

 Spells                   Type           Power      Damage    Failure   Level
 Magic Dart               Conj           0%         1d3       91%         1
 Scorch                   Fire           0%         2d5       97%         2
 Mephitic Cloud           Conj/Pois/Air  0%         N/A       100%        3
 Flame Wave               Conj/Fire      0%         2d4       100%        4
 Call Imp                 Summ           Unusable   N/A       N/A         2
 Summon Cactus Giant      Summ           Unusable   N/A       N/A         6

Dungeon Overview and Level Annotations

Branches:
Dungeon (10/15)            Temple (0/1) D:7            Lair (1/5) D:9
Volcano (1/1)
    Orc: D:9-12

Altars:
Dithmenos
Fedhas
Kikubaaqudgha
Makhleb
Okawaru
Sif Muna
Uskayaw
Vehumet
Xom
Yredelemnul

Shops:
D:6 *

Portals:
Trove: D:10 (give +2 gold dragon scales)

Annotations:
D:2 Natasha
D:8 Wand of digging


Innate Abilities, Weirdness & Mutations

You have a pair of horns on your head.
You reflexively headbutt those who attack you in melee.


Message History

The molten gargoyle is moderately damaged.
You closely miss the red draconian.
You are engulfed in blazing flames.
You resist. The red draconian breathes fire at you. The searing blast hits you!
You resist. The molten gargoyle misses you. You furiously retaliate!
You headbutt the molten gargoyle!
You gain the combat prowess of a mighty hero.
You are engulfed in blazing flames.
You resist.
* * * LOW HITPOINT WARNING * * *
You block the red draconian's attack.
The molten gargoyle blasts magma at you!
The bolt of magma misses you.
You slash the red draconian!
The red draconian is lightly wounded.
You hit the molten gargoyle but do no damage.
You are engulfed in blazing flames.
You resist.
* * * LOW HITPOINT WARNING * * *
The red draconian hits you with a +0 scimitar of flaming.
* * * LOW HITPOINT WARNING * * *
The molten gargoyle blasts magma at you!
The bolt of magma hits you! You partially resist.
* * * LOW HITPOINT WARNING * * *
You slash the red draconian!
The red draconian is moderately wounded.
You hit the molten gargoyle but do no damage.
You are engulfed in blazing flames.
You resist.
You slash the red draconian!
You headbutt the red draconian, but do no damage.
The red draconian is heavily wounded.
You barely miss the molten gargoyle. The red draconian closely misses you.
The molten gargoyle hits you with a +0 flail.
* * * LOW HITPOINT WARNING * * *
You are engulfed in flames.
You resist.
* * * LOW HITPOINT WARNING * * *
You hit the red draconian.
The red draconian is heavily wounded.
You hit the molten gargoyle but do no damage.
The red draconian breathes fire at you. The searing blast hits you. You resist.
You die...

§≈≈....## ≈≈§.....##
###
≈§≈.≈....####..###
≈≈§≈§....##.)$$..#
≈≈≈≈≈....##.$!$..#
§≈≈§§§...##.[$!d9#
§≈≈≈.§..# #@#
≈≈≈..§# ######.#
§≈≈...## ##...##.###
≈.....8###....#.)8.#
§≈.......)..∩.'.._.#
§.....8###....#.)8.#
.....### ##...##.###
....## ######.#
.#### #+#


You could see a red draconian (catching breath) and a molten gargoyle.

Vanquished Creatures
  Josephine (D:10)
  Erica (D:10)
  A centaur warrior (Volcano)
  A two-headed ogre (D:9)
  Pikel (D:5)
  Maurice (D:10)
  Joseph (D:7)
  An unseen horror (D:10)
  A kobold demonologist (D:9)
  A cane toad (Lair:1)
  A yaktaur (Volcano)
  A troll (D:9)
  A hornet (D:10)
  Sigmund (D:2)
  A wyvern (D:7)
  A shadow (D:9)
  6 wraiths (D:10)
  15 yaks
  6 fire bats (Volcano)
  Menkaure (D:6)
  An acid dragon (D:9)
  6 water moccasins
  2 hell hounds (Lair:1)
  An ice beast (D:5)
  A sky beast (D:7)
  An orc warrior (D:8)
  3 black bears
  An ogre (D:6)
  7 centaurs
  2 lemures (D:5)
  5 kobold brigands
  6 bullfrogs
  A scorpion (D:5)
  3 wights (D:6)
  6 killer bees (D:6)
  3 howler monkeys
  6 lava snakes (Volcano)
  2 hounds (D:6)
  2 jellies (D:6)
  A gnoll bouda (D:5)
  2 orc priests
  Crazy Yiuf (D:2)
  7 iguanas
  Natasha (twice) (D:2)
  5 orc wizards
  Robin (D:2)
  8 gnolls
  5 adders
  A shadow imp (D:6)
  2 white imps (D:5)
  An ufetubus (D:6)
  A worm (D:4)
  2 dart slugs
  30 orcs
  3 ball pythons
  3 endoplasms (D:1)
  5 giant cockroaches
  14 goblins
  11 hobgoblins
  3 jackals (D:1)
  29 kobolds
  3 quokkas
  2 bats
  6 rats
251 creatures vanquished.

Vanquished Creatures (others)
  A sky beast (D:7)
1 creature vanquished.

Grand Total: 252 creatures vanquished

Notes
Turn   | Place    | Note
-------+----------+-------------------------------------------
     0 | D:1      | Dillybarz the Minotaur Fighter began the quest for the Orb.
     0 | D:1      | Reached XP level 1. HP: 19/19 MP: 0/0
    71 | D:1      | Reached XP level 2. HP: 25/27 MP: 1/1
   210 | D:1      | Reached skill level 3 in Axes
   715 | D:2      | Reached XP level 3. HP: 32/33 MP: 2/2
   718 | D:2      | Noticed Robin
   774 | D:2      | Identified the +2 robe "Yqucircho" {MP+9}
   848 | D:2      | Killed Robin
   925 | D:2      | Noticed Natasha
   931 | D:2      | Killed Natasha
   932 | D:2      | Reached XP level 4. HP: 37/40 MP: 3/3
  1070 | D:2      | Noticed Natasha
  1076 | D:2      | Reached skill level 4 in Axes
  1083 | D:2      | Killed Natasha
  1148 | D:2      | Noticed Natasha
  1171 | D:2      | Noticed Sigmund
  1179 | D:2      | Killed Sigmund
  1180 | D:2      | Reached skill level 5 in Axes
  1180 | D:2      | Reached XP level 5. HP: 39/47 MP: 4/4
  1180 | D:2      | Reached XP level 6. HP: 46/55 MP: 5/5
  1311 | D:2      | Found a runed translucent door.
  1312 | D:2      | Noticed Crazy Yiuf
  1319 | D:2      | Killed Crazy Yiuf
  1320 | D:2      | Reached skill level 5 in Shields
  1541 | D:3      | Reached skill level 5 in Armour
  1598 | D:3      | Reached skill level 5 in Fighting
  1663 | D:3      | Found a radiant altar of Vehumet.
  2161 | D:4      | Found a blossoming altar of Fedhas.
  2789 | D:5      | Entered Level 5 of the Dungeon
  2884 | D:5      | Noticed an ice beast
  2898 | D:5      | Killed an ice beast
  2899 | D:5      | Reached skill level 6 in Axes
  2899 | D:5      | Reached XP level 7. HP: 51/61 MP: 6/6
  2995 | D:5      | Noticed Pikel
  3007 | D:5      | Killed Pikel
  3008 | D:5      | Reached skill level 7 in Axes
  3008 | D:5      | Reached XP level 8. HP: 30/70 MP: 7/7
  3229 | D:5      | Found a shadowy altar of Dithmenos.
  3502 | D:6      | Found a basalt altar of Yredelemnul.
  3513 | D:6      | Reached skill level 8 in Axes
  3551 | D:6      | Noticed Menkaure
  3557 | D:6      | Killed Menkaure
  3740 | D:6      | Found an iron altar of Okawaru.
  3744 | D:6      | Became a worshipper of Warmaster Okawaru
  3868 | D:6      | Reached skill level 9 in Axes
  3939 | D:6      | Reached XP level 9. HP: 71/79 MP: 8/8
  4221 | D:6      | Found Odihuv's General Store.
  4410 | D:7      | Reached * piety under Okawaru
  4550 | D:7      | Found a staircase to the Ecumenical Temple.
  4604 | D:7      | Reached skill level 1 in Invocations
  4606 | D:7      | Reached skill level 10 in Axes
  4795 | D:7      | Found a shimmering blue altar of Sif Muna.
  4829 | D:7      | Noticed Joseph
  4838 | D:7      | Killed Joseph
  5008 | D:7      | Found a burning altar of Makhleb.
  5245 | D:8      | Reached ** piety under Okawaru
  5265 | D:8      | You fall into a shaft and drop 1 floor!
  5481 | D:8      | Noticed a cyclops
  5578 | D:8      | Found a hide-covered altar of Uskayaw.
  6058 | D:9      | Noticed a kobold demonologist
  6063 | D:9      | Killed a kobold demonologist
  6064 | D:9      | Reached XP level 10. HP: 87/89 MP: 7/11
  6130 | D:9      | Reached skill level 11 in Axes
  6169 | D:9      | Noticed a two-headed ogre
  6180 | D:9      | Killed a two-headed ogre
  6252 | D:9      | Reached *** piety under Okawaru
  6332 | D:9      | Reached skill level 12 in Axes
  6348 | D:9      | Found a staircase to the Lair.
  6374 | D:9      | Found an ancient bone altar of Kikubaaqudgha.
  6738 | D:10     | Entered Level 10 of the Dungeon
  6764 | D:10     | Reached **** piety under Okawaru
  6852 | D:10     | Reached XP level 11. HP: 87/97 MP: 13/13
  6905 | D:10     | Noticed Erica
  6921 | D:10     | Killed Erica
  7111 | D:10     | Found a portal to a secret trove of treasure.
  7112 | D:10     | Noticed Maurice
  7112 | D:10     | Noticed Josephine
  7135 | D:10     | Reached skill level 5 in Invocations
  7145 | D:10     | Killed Josephine
  7145 | D:10     | Reached ***** piety under Okawaru
  7146 | D:10     | Reached skill level 13 in Axes
  7146 | D:10     | Reached skill level 10 in Armour
  7148 | D:10     | Reached skill level 10 in Shields
  7158 | D:10     | Killed Maurice
  7159 | D:10     | Reached skill level 10 in Fighting
  7322 | D:10     | Found a shimmering altar of Xom.
  7810 | Lair:1   | Entered Level 1 of the Lair of Beasts
  7860 | Lair:1   | Found a dark tunnel.
  7873 | Volcano  | Entered a volcano
  7918 | Volcano  | Reached skill level 1 in Throwing
  8129 | Volcano  | Found a bloodstained altar of Trog.
  8129 | Volcano  | Noticed a centaur warrior
  8140 | Volcano  | Killed a centaur warrior
  8140 | Volcano  | Identified the +1 cloak "Virost" {Str+3} (Okawaru gifted it
                  | to you in a volcano)
  8140 | Volcano  | Received a gift from Okawaru
  8142 | Volcano  | Reached skill level 14 in Axes
  8171 | Volcano  | Noticed a red draconian
  8181 | Volcano  | HP: 2/101 [molten gargoyle/+0 flail (4)]
  8182 | Volcano  | Killed from afar by a red draconian

Illustrated notes

Levels and vault maps discovered:
D:1:      wander_arrival_estate, layout_basic, minivault_19
D:2:      layout_rooms, uniq_sigmund, uniq_natasha, uniq_robin,
          uniq_crazy_yiuf_cottage
D:3:      layout_basic, mainiacjoe_overflow_paths
D:4:      layout_loops_ring, mainiacjoe_overflow_24_doors
D:5:      layout_cave_pools, nicolae_dithmenos_shadow_blocks, uniq_pikel
D:6:      layout_cave_pools, mainiacjoe_overflow_six_doors_small,
          lemuel_tele_altar, serial_shops, nicolae_shop_back_alley_shop,
          uniq_menkaure
D:7:      layout_rooms, kennysheep_mini, led_sif_book,
          minmay_temple_entry_mini_moons, amethyst_killhole, uniq_joseph
D:8:      layout_gridville, nicolae_uskayaw_murder_on_the_dancefloor,
          onia_ninara_dug_in_and_dangerous
D:9:      layout_roguey, overflow_temple_1_default, due_lair_maze_entry_diamond
D:10:     layout_loops_ring, mainiacjoe_overflow_concentric_impassable,
          nicolae_trove_entry_free_sample, chequers_serial_rivers_small_3,
          uniq_maurice, uniq_erica, uniq_josephine
Lair:1:   layout_roguey [special_room_bee], enter_volcano_3,
          dreamdust_gnoll_shepherd
Volcano:  volcano_grotto [vgs_original]

Skill      XL: |  1  2  3  4  5  6  7  8  9 10 11 |
---------------+----------------------------------+-----
Axes           | 3 5 6 7 9 10 12 14 | 14.0
Shields        | 4 5 6 7 8 9 10 | 10.5
Fighting       | 4 5 6 7 8 9 10 | 10.5
Armour         | 4 5 6 7 8 9 10 | 10.5
Invocations    | 2 4 5 |  5.0
Throwing       | 2 |  2.1

Action                     |  1- 3 |  4- 6 |  7- 9 | 10-12 || total
---------------------------+-------+-------+-------+-------++-------
  Melee: War axe           |    77 |    92 |   198 |   309 ||   676
         Headbutt          |     7 |    19 |    36 |    66 ||   128
 Invoke: Heroism           |       |       |     2 |     6 ||     8
    Use: Scroll            |     3 |     8 |     3 |     6 ||    20
 Armour: Scale mail        |    50 |    35 |       |       ||    85
         Chain mail        |       |    21 |    97 |   112 ||   230
  Dodge: Dodged            |    40 |    23 |   174 |   154 ||   391
  Block: Buckler           |    19 |    22 |    63 |    25 ||   129
         Kite shield       |       |       |       |   121 ||   121
